cohdb
Replays
Latest Replays
All Replays
Popular Replays
Top Player Replays
Match Explorer
How It Works
Community
CoH3 Stats
Reddit
Sign in to upload your games and track your stats! →
Sign in with Steam
Match 42872882
Unlisted
Match 42872882
Overview
Messages
Build Orders
End
Construct Section Command Post
Vickers Machine Gun Team
Selects Air and Sea Battlegroup
Infantry Section
Infantry Section
ML 3-inch Mortar Team
Construct Platoon Command Post
Selects Supply Surplus
6-pounder Anti-tank Gun Team
Construct Field Infirmary
Construct Field Infirmary
Selects Commando Section Paradrop
Selects M1 Pack Howitzer Paradrop
Commando Section Paradrop
Random_Target
just a chill world leader ♡
Mace
AfroNinja
BES2
Dolan Tittenberg
0
0
Comments
sign in to comment!
No comments posted yet!